 Dungeon Crawl Stone Soup version 0.30.1-11-g7821555f0a (webtiles) character file.

Game seed: 3979882035776617826

26167 bnorton916 the Eclecticist (level 12, -4/59 HPs)
             Began as a Deep Elf Conjurer on Jan 7, 2024.
             Was an Initiate of Gozag.
             Slain by a skyshark (12 damage)
             ... on level 3 of the Lair of Beasts.
             The game lasted 00:35:29 (20931 turns).

bnorton916 the Eclecticist (Deep Elf Conjurer)     Turns: 20931, Time: 00:35:29

Health: -4/59      AC: 11    Str:  6    XL:     12   Next: 95%
Magic:  14/33      EV: 12    Int: 30    God:    Gozag
Gold:   629        SH:  0    Dex: 15    Spells: 23/42 levels left

rFire   . . .        b - +8 demon trident "Rift" {distort, reach+}
rCold   + . .        (no shield)
rNeg    . . .        P - +0 robe {Will+}
rPois   .            E - +2 helmet of Entitlement {Int+3 Dex+2}
rElec   .            a - +0 cloak
rCorr   .            G - +2 pair of gloves {Stlth+}
SInv    .            n - +1 pair of boots
Will    ++...        (no amulet)
Stlth   +++          l - ring of protection from cold
HPRegen 0.29/turn    (no ring)
MPRegen 0.23/turn

%: no passive effects
@: no status effects
A: no striking features
a: Renounce Religion, Potion Petition, Call Merchant, Bribe Branch


You were on level 3 of the Lair of Beasts.
You worshipped Gozag.
Gozag was pleased with you.
You visited 3 branches of the dungeon, and saw 14 of its levels.

You collected 2824 gold pieces.
You spent 652 gold pieces at shops.
You paid 1543 gold pieces to Gozag.

Inventory:

Hand Weapons
 b - the +8 demon trident "Rift" (weapon) {distort, reach+}
   (You found it on level 5 of the Dungeon)
 F - a +2 whip of venom
Missiles
 g - 3 throwing nets
 s - 10 poisoned darts
 O - 9 curare-tipped darts (quivered)
Armour
 a - a +0 cloak (worn)
 n - a +1 pair of boots (worn)
 E - the +2 helmet of Entitlement (worn) {Int+3 Dex+2}
   (You bought it in a shop on level 2 of the Dungeon)

   Int:       It affects your intelligence (+3).
   Dex:       It affects your dexterity (+2).
 G - a +2 pair of gloves of stealth (worn)
 L - the +0 ring mail "Loddou" {rC+ Regen+ Int+4}
   (You found it on level 1 of the Lair of Beasts)

   Int:       It affects your intelligence (+4).
   rC:        It protects you from cold.
   Regen:     It increases your rate of health regeneration.
 P - a +0 robe of willpower (worn)
Magical Staves
 d - a staff of death
Jewellery
 k - a ring of positive energy
 l - a ring of protection from cold (left hand)
 H - a ring of fire
Wands
 y - a wand of flame (37)
 M - a wand of polymorph (1)
 N - a wand of iceblast (12)
 Q - a wand of digging (4)
 T - a wand of charming (1)
 U - a wand of light (2)
Scrolls
 c - 2 scrolls of torment
 f - 5 scrolls of noise
 h - 4 scrolls of blinking
 j - a scroll of butterflies
 o - 4 scrolls of fog
 t - a scroll of enchant armour {unknown}
 v - 4 scrolls of immolation
 x - a scroll of enchant weapon
 A - a scroll of teleportation
 B - a scroll of vulnerability
 C - 3 scrolls of amnesia
 I - a scroll of brand weapon
 J - 3 scrolls of fear
 S - a scroll of identify
Potions
 e - 2 potions of degeneration {unknown}
 i - 4 potions of curing
 m - 4 potions of heal wounds {unknown}
 p - 2 potions of lignification {unknown}
 q - 4 potions of haste {unknown}
 r - 3 potions of might
 u - 2 potions of flight
 w - 2 potions of cancellation {unknown}
 z - a potion of brilliance {unknown}
 D - 4 potions of resistance {unknown}
 K - 2 potions of berserk rage {unknown}
 R - a potion of mutation {unknown}
Miscellaneous
 V - a lightning rod (4/4)


   Skills:
 - Level 6.9 Polearms
 - Level 2.4 Dodging
 - Level 2.4 Stealth
 + Level 15.9 Spellcasting
 + Level 14.0 Conjurations
 - Level 7.7 Hexes
 - Level 6.4 Translocations
 + Level 5.7 Ice Magic
 - Level 3.0 Air Magic
 - Level 1.0 Poison Magic


You had 23 spell levels left.
You knew the following spells:

 Your Spells              Type           Power      Damage    Failure   Level
a - Magic Dart            Conj           100%       1d8       0%          1
b - Searing Ray           Conj           100%       2d8       0%          2
c - Fulminant Prism       Conj/Hex       36%        3d18      1%          4
d - Iskenderun's Mystic   Conj/Tloc      71%        2d14      1%          4
e - Mephitic Cloud        Conj/Pois/Air  56%        N/A       1%          3
f - Freezing Cloud        Conj/Ice/Air   31%        6-21      2%          5

Your spell library contained the following spells:

 Spells                   Type           Power      Damage    Failure   Level
 Slow                     Hex            100%       N/A       1%          1
 Blink                    Tloc           100%       N/A       1%          2
 Poisonous Vapours        Pois/Air       70%        N/A       1%          2
 Confusing Touch          Hex            63%        N/A       1%          3
 Dazzling Flash           Conj/Hex       100%       N/A       1%          3
 Frozen Ramparts          Ice            100%       1d16      1%          3
 Gell's Gravitas          Tloc           58%        N/A       1%          3
 Teleport Other           Tloc           58%        N/A       1%          3
 Manifold Assault         Tloc           58%        N/A       1%          4
 Passage of Golubria      Tloc           58%        N/A       1%          4
 Vampiric Draining        Necr           23%        2d7       6%          3
 Ice Form                 Ice/Tmut       41%        N/A       6%          4
 Summon Ice Beast         Ice/Summ       41%        N/A       6%          4
 Silence                  Hex/Air        27%        N/A       6%          5
 Summon Mana Viper        Hex/Summ       47%        N/A       11%         5
 Summon Forest            Summ/Tloc      21%        N/A       14%         5
 Dispersal                Tloc           29%        N/A       22%         6
 Eringya's Noxious Bog    Tmut/Pois      13%        N/A       94%         6
 Monstrous Menagerie      Summ           11%        N/A       100%        7
 Storm Form               Tmut/Air       16%        N/A       100%        7
 Summon Hydra             Summ           11%        N/A       100%        7
 Lehudib's Crystal Spear  Conj/Erth      30%        10d8      100%        8


Dungeon Overview and Level Annotations

Branches:
Dungeon (10/15)            Temple (1/1) D:4            Lair (3/5) D:10
  Swamp (0/4) Lair:2        Snake (0/4) Lair:3
    Orc: D:9-12

Altars:
Cheibriados
Dithmenos
Elyvilon
Fedhas
Gozag
Hepliaklqana
Kikubaaqudgha
Makhleb
Nemelex Xobeh
Okawaru
Qazlal
Ru
Sif Muna
Trog
Vehumet
Xom
Zin

Shops:
D:2 [   D:3 =   Lair:1 =:

Portals:
Abyss: D:5


Message History

Unknown command.
Casting: Freezing Cloud (dangerous; 2% risk of failure)
Confirm with . or Enter, or press ? or * to list all spells.
You erupt in a blast of force!
The mystic blast hits the skyshark!!
The skyshark is heavily wounded.
The skyshark is knocked back by the mystic blast.
The skyshark slams into the closed door!
Unknown command.
Casting: Iskenderun's Mystic Blast (safe; 1% risk of failure)
Confirm with . or Enter, or press ? or * to list all spells.
You erupt in a blast of force!
The mystic blast hits the skyshark.
The skyshark is heavily wounded.
The skyshark is knocked back by the mystic blast.
The skyshark bites you but does no damage.
The skyshark tail-slaps you but does no damage. x2
Casting: Iskenderun's Mystic Blast (safe; 1% risk of failure)
Confirm with . or Enter, or press ? or * to list all spells.
You erupt in a blast of force!
The mystic blast hits the skyshark!
The skyshark is severely wounded.
The skyshark is knocked back by the mystic blast.
Unknown command.
Casting: Iskenderun's Mystic Blast (safe; 1% risk of failure)
Confirm with . or Enter, or press ? or * to list all spells.
You erupt in a blast of force!
The mystic blast hits the skyshark!
The skyshark is severely wounded.
The skyshark barely misses you. x2
The skyshark tail-slaps you but does no damage.
Unknown command.
Casting: Iskenderun's Mystic Blast (safe; 1% risk of failure)
Confirm with . or Enter, or press ? or * to list all spells.
You erupt in a blast of force!
The mystic blast hits the skyshark!
The skyshark is almost dead.
The skyshark is knocked back by the mystic blast.
The skyshark slams into the closed door!
The skyshark bites you!!
* * * LOW HITPOINT WARNING * * *
The skyshark tail-slaps you but does no damage.
The skyshark tail-slaps you!
You die...
Your body crumbles into a pile of gold.

##+## ........# .
#.......# ### ..
#.......# P. ...
#.......#######.
....
#........##..##.
...##
#.........#.....
#..##...........#.##
+.l@#.........#..###
##..'.......###### #
#.##.......# # ##
###..#### ####


You could see a skyshark (berserk).

Vanquished Creatures
  A two-headed ogre (D:9)
  A boulder beetle (Lair:1)
  A death yak (Lair:1)
  Amaemon (D:8)
  A lindwurm (Lair:3)
  Maurice (D:8)
  6 black mambas
  4 elephants (Lair:3)
  A torpor snail (Lair:1)
  An orange demon (D:8)
  An unseen horror (D:10)
  4 komodo dragons
  7 cane toads
  3 trolls
  3 blink frogs (Lair:2)
  A hornet (D:8)
  A vampire (D:9)
  32 yaks
  2 small abominations (D:5)
  3 wyverns
  Grum (D:8)
  Menkaure (D:7)
  2 basilisks
  A steam dragon (D:7)
  Duvessa (D:7)
  2 acid dragons (D:10)
  8 water moccasins
  2 ice beasts (D:7)
  2 black bears
  2 sky beasts
  2 ogres
  3 centaurs
  12 wolves
  2 phantoms (D:5)
  2 kobold brigands
  6 bullfrogs
  2 scorpions
  16 wights
  Dowan (D:7)
  The ghost of PrincessEmiBear the Ducker, a weakling TrFi (D:5)
  13 killer bees
  A howler monkey (D:6)
  2 vampire bats (Lair:2)
  3 electric eels (D:10)
  8 hounds
  3 orc priests (D:7)
  2 sleepcaps
  3 iguanas
  13 orc wizards
  6 gnolls
  11 adders
  A white imp (D:5)
  2 ufetubi
  A worm (D:5)
  3 dart slugs
  35 orcs
  5 endoplasms
  5 giant cockroaches
  4 goblins
  4 hobgoblins (D:1)
  5 jackals
  10 kobolds
  4 quokkas
  6 ball pythons
  11 bats
  4 frilled lizards
  6 rats
315 creatures vanquished.

Vanquished Creatures (others)
  45 fulminant prisms
45 creatures vanquished.

Grand Total: 360 creatures vanquished

Notes
Turn   | Place    | Note
-------+----------+-------------------------------------------
     0 | D:1      | bnorton916 the Deep Elf Conjurer began the quest for the
                  | Orb.
     0 | D:1      | Reached XP level 1. HP: 10/10 MP: 6/6
   211 | D:1      | Reached XP level 2. HP: 15/15 MP: 3/8
   375 | D:1      | Found a faded altar of an unknown god.
   755 | D:1      | Reached skill level 4 in Spellcasting
   837 | D:1      | Reached skill level 5 in Conjurations
   837 | D:1      | Reached XP level 3. HP: 19/19 MP: 7/10
   840 | D:1      | Learned a level 2 spell: Searing Ray
  1444 | D:2      | Reached XP level 4. HP: 22/24 MP: 2/12
  1726 | D:2      | Reached skill level 5 in Spellcasting
  2063 | D:2      | Found a burning altar of Makhleb.
  2208 | D:2      | Found Ejuigh's Antique Armour Shoppe.
  2730 | D:3      | Reached XP level 5. HP: 28/28 MP: 9/14
  3237 | D:2      | Reached skill level 6 in Spellcasting
  3440 | D:3      | Found Tiurutyu's Jewellery Shoppe.
  3713 | D:4      | Noticed a sky beast
  3738 | D:4      | Killed a sky beast
  3739 | D:4      | Reached XP level 6. HP: 24/32 MP: 7/17
  3744 | D:4      | Learned a level 4 spell: Fulminant Prism
  3749 | D:4      | Learned a level 4 spell: Iskenderun's Mystic Blast
  4145 | D:4      | Reached skill level 1 in Hexes
  4262 | D:4      | Reached skill level 7 in Spellcasting
  4262 | D:4      | Reached skill level 1 in Translocations
  4272 | D:4      | Reached XP level 7. HP: 36/36 MP: 3/19
  4375 | D:4      | Found a staircase to the Ecumenical Temple.
  4396 | Temple   | Entered the Ecumenical Temple
  4459 | Temple   | Became a worshipper of Gozag Ym Sagoz the Greedy
  4576 | D:5      | Entered Level 5 of the Dungeon
  4623 | D:5      | Found a hazy altar of Hepliaklqana.
  4623 | D:5      | Found a burning altar of Makhleb.
  5045 | D:5      | Noticed a small abomination
  5048 | D:5      | Found the +8 demon trident "Rift" {distort, reach+}
  5060 | D:5      | Found a transporter.
  5066 | D:5      | Noticed a small abomination
  5491 | D:2      | Bought a translucent helmet for 190 gold pieces
  5491 | D:2      | Identified the +2 helmet of Entitlement {Int+3 Dex+2} (You
                  | bought it in a shop on level 2 of the Dungeon)
  5796 | D:5      | Found a transporter.
  5849 | D:5      | Reached skill level 8 in Spellcasting
  5849 | D:5      | Reached XP level 8. HP: 41/41 MP: 11/22
  6209 | D:5      | Found a one-way gate to the infinite horrors of the Abyss.
  6209 | D:5      | Noticed PrincessEmiBear's ghost (weakling TrFi)
  6365 | D:2      | Bought a pair of glowing gloves for 150 gold pieces
  6510 | D:5      | Reached skill level 5 in Hexes
  6517 | D:5      | Killed PrincessEmiBear's ghost
  6807 | D:6      | Reached skill level 9 in Spellcasting
  7646 | D:6      | Reached skill level 5 in Translocations
  7646 | D:6      | Reached XP level 9. HP: 41/45 MP: 18/24
  7690 | D:6      | Reached skill level 1 in Polearms
  8795 | D:7      | Reached skill level 10 in Spellcasting
  8896 | D:7      | Noticed Dowan
  8899 | D:7      | Killed Dowan
  8925 | D:7      | Noticed Duvessa
  8931 | D:7      | Killed Duvessa
  9022 | D:7      | Found a snail-covered altar of Cheibriados.
  9176 | D:7      | Noticed Menkaure
  9181 | D:7      | Killed Menkaure
  9569 | D:7      | Identified the +5 mace of the Weasel {holy, Str+2}
 10021 | D:8      | Reached XP level 10. HP: 43/50 MP: 26/26
 10054 | D:8      | Noticed an orange demon
 10060 | D:8      | Killed an orange demon
 10280 | D:8      | Noticed Amaemon
 10294 | D:8      | Killed Amaemon
 10295 | D:8      | Reached skill level 11 in Spellcasting
 10295 | D:8      | Reached skill level 10 in Conjurations
 10466 | D:8      | Found an iron altar of Okawaru.
 10747 | D:8      | Noticed Grum
 10756 | D:8      | Killed Grum
 10846 | D:8      | Found a shimmering blue altar of Sif Muna.
 11084 | D:8      | Noticed Maurice
 11197 | D:8      | Killed Maurice
 11320 | D:8      | Found a blossoming altar of Fedhas.
 11623 | D:9      | Noticed a two-headed ogre
 11636 | D:9      | Killed a two-headed ogre
 11637 | D:9      | Reached skill level 12 in Spellcasting
 12502 | D:9      | Reached skill level 5 in Polearms
 12859 | D:10     | Entered Level 10 of the Dungeon
 12880 | D:10     | Reached XP level 11. HP: 54/54 MP: 24/29
 14122 | D:10     | Found a staircase to the Lair.
 14789 | Lair:1   | Entered Level 1 of the Lair of Beasts
 14796 | Lair:1   | Reached skill level 13 in Spellcasting
 16061 | Lair:1   | Noticed a boulder beetle
 16380 | D:10     | Banished a boulder beetle
 16560 | Lair:1   | Identified the +0 ring mail "Loddou" {rC+ Regen+ Int+4}
 16797 | Lair:1   | Reached skill level 14 in Spellcasting
 17122 | Lair:1   | Noticed a boulder beetle
 17133 | Lair:1   | Killed a boulder beetle
 17134 | Lair:1   | Reached XP level 12. HP: 28/59 MP: 12/32
 17809 | Lair:1   | Noticed a death yak
 17840 | Lair:1   | Killed a death yak
 18105 | Lair:1   | Bought a book of Vapours for 312 gold pieces
 18109 | Lair:1   | Learned a level 3 spell: Mephitic Cloud
 18115 | Lair:1   | Learned a level 5 spell: Freezing Cloud
 18258 | Lair:2   | Reached skill level 1 in Ice Magic
 18272 | Lair:2   | Reached skill level 1 in Air Magic
 18272 | Lair:2   | Reached skill level 1 in Poison Magic
 19022 | Lair:2   | Found a staircase to the Swamp.
 19711 | Lair:3   | Reached skill level 15 in Spellcasting
 20300 | Lair:3   | Found a staircase to the Snake Pit.
 20385 | Lair:3   | Reached skill level 5 in Ice Magic
 20931 | Lair:3   | Slain by a skyshark

Illustrated notes

Levels and vault maps discovered:
D:1:      giann_bridges, layout_basic, ebering_ecumenical_altar_hall,
          amcnicky_mini_corridor_feature, chequers_serial_rivers_micro_a
D:2:      layout_loops_ring, basic_altar, serial_shops, nicolae_shop_stone,
          minmay_pentomino_t2
D:3:      layout_rooms, serial_shops, nicolae_shop_rolling_square
D:4:      layout_basic, minmay_temple_entry_mist, minmay_misc_feat_rugged
D:5:      layout_basic, jmf_multi_god_temple, gammafunk_ghost_abyssal_escape
D:6:      cheibrodos_quashed, layout_loops_ring, grunt_ministairs_13,
          kennysheep_boxes
D:7:      layout_layer_cave, nicolae_overflow_hidden_temple, minivault_23,
          kennysheep_generic_room_13, uniq_duvessa, uniq_menkaure
D:8:      layout_basic, mainiacjoe_overflow_cross_hatched, tgw_sif,
          mainiacjoe_overflow_alcove_2, uniq_grum, uniq_maurice, uniq_amaemon
D:9:      layout_irregular_city
D:10:     layout_loops_corners, erik_lair_island
Temple:   nicolae_temple_superstar
Lair:1:   layout_regular_city, st_stairs_4, grunt_forest_small_clearings,
          serial_bayou_shore_b
Lair:2:   layout_hall_layers, swamp_mist, roderic_batcave,
          chequers_serial_rivers_micro_e, nicolae_lair_lil_pond,
          serial_bayou_shore_b
Lair:3:   layout_roguey, minmay_snake_entry_six_corridors, patterned_corridor

Skill      XL: |  1  2  3  4  5  6  7  8  9 10 11 12 |
---------------+-------------------------------------+-----
Spellcasting   | 4 5 6 7 8 9 10 12 14 15 | 15.9
Conjurations   | 5 6 7 8 9 11 12 14 | 14.0
Hexes          | 2 4 6 7 |  7.7
Translocations | 1 3 5 6 |  6.4
Polearms       | 2 5 6 |  6.9
Ice Magic      | 5 |  5.7
Air Magic      | 3 |  3.0
Poison Magic   | 1 |  1.0
Dodging        | |  2.4
Stealth        | |  2.4

Action                     |  1- 3 |  4- 6 |  7- 9 | 10-12 || total
---------------------------+-------+-------+-------+-------++-------
  Melee: Demon trident     |       |       |    85 |   246 ||   331
         Punch             |       |       |       |     3 ||     3
  Throw: Throwing net      |       |       |     1 |       ||     1
         Dart              |       |       |       |     9 ||     9
   Cast: Magic Dart        |    69 |    81 |    79 |   126 ||   355
         Searing Ray       |     1 |    22 |    23 |    12 ||    58
         Iskenderun's Myst |       |       |    11 |    78 ||    89
         Fulminant Prism   |       |       |     7 |    38 ||    45
         Freezing Cloud    |       |       |       |    18 ||    18
         Mephitic Cloud    |       |       |       |     1 ||     1
 Invoke: Call Merchant     |       |       |       |     2 ||     2
    Use: Potion            |       |     2 |     1 |     3 ||     6
         Scroll            |       |       |     5 |    10 ||    15
   Stab: Sleeping          |       |       |     3 |       ||     3
         Distracted        |       |       |     1 |     1 ||     2
 Armour: Robe              |     2 |     2 |    30 |    74 ||   108
  Dodge: Dodged            |     5 |    31 |    44 |   133 ||   213
